 Dungeon Crawl Stone Soup version 0.24-a0-244-ga6a6ab7 (webtiles) character file.

Game seed: 12716009061497182277

354 Leeroy the Gusty (level 6, -1/34 HPs)
             Began as a Tengu Air Elementalist on Apr 11, 2019.
             Slain by a hound (3 damage)
             ... on level 4 of the Dungeon.
             The game lasted 00:14:35 (3305 turns).

Leeroy the Gusty (Tengu Air Elementalist)           Turns: 3305, Time: 00:14:35

Health: -1/34      AC:  3    Str: 10    XL:     6   Next: 63%
Magic:  9/11       EV: 12    Int: 16    God:
Gold:   181        SH:  5    Dex: 14    Spells: 4/11 levels left

rFire    . . .     SeeInvis .   q - +2 whip (distort)
rCold    . . .     Gourm    .   l - +2 buckler
rNeg     . . .     Faith    .   a - +0 robe
rPois    .         Spirit   .   (helmet restricted)
rElec    .         Reflect  .   (no cloak)
rCorr    .         Harm     .   g - +0 pair of gloves
MR       .....                  (boots unavailable)
Stlth    ++........             (no amulet)
HPRegen  0.11/turn              (no ring)
MPRegen  0.12/turn              (no ring)

@: very slightly contaminated
A: beak, talons 3, able to fly
a: Fly


You were on level 4 of the Dungeon.
You were not hungry.

You visited 1 branch of the dungeon, and saw 4 of its levels.

You collected 181 gold pieces.

Inventory:

Hand Weapons
 h - a +0 whip
 i - a cursed -1 dagger
 o - a +2 dagger of venom
 q - a +2 whip of distortion (weapon)
 r - a +0 dagger
 x - a +0 spear of piercing
 z - a +0 spear
 A - a +2 dagger of draining
 C - a +4 spear
Missiles
 d - 102 stones (quivered)
 n - 44 arrows
 F - 14 sling bullets
Armour
 a - a +0 robe (worn)
 g - a +0 pair of gloves (worn)
 l - a +2 buckler (worn)
 B - a +0 leather armour
Magical Staves
 s - an uncursed staff of air {unknown}
Jewellery
 e - an uncursed ring of protection from fire
 t - a cursed ring of attention {unknown}
Wands
 E - a wand of polymorph (4)
Scrolls
 b - a scroll of enchant weapon {unknown}
 f - 5 scrolls of identify
 m - a scroll of random uselessness {unknown}
 p - 3 scrolls of teleportation {unknown}
 v - a scroll of fear {unknown}
 y - a scroll of enchant armour {unknown}
 D - 2 scrolls of amnesia {unknown}
 H - a scroll of immolation {unknown}
Potions
 j - a potion of cancellation {unknown}
 u - 3 potions of curing
 w - a potion of mutation {unknown}
 I - a potion of flight {unknown}
Comestibles
 c - 5 rations


   Skills:
 - Level 1.2 Fighting
 + Level 1.5 Short Blades
 - Level 3.1 Armour
 - Level 2.1 Dodging
 - Level 2.0 Stealth
 - Level 3.0 Spellcasting
 - Level 5.0 Conjurations
 + Level 5.1 Air Magic


You had 4 spell levels left.
You knew the following spells:

 Your Spells              Type           Power        Failure   Level  Hunger
a - Shock                 Conj/Air       ###.         3%          1    #......
b - Swiftness             Chrm/Air       ##......     17%         2    ##.....
c - Airstrike             Air            ###.......   36%         4    #####..

Your spell library contained the following spells:

 Spells                   Type           Power        Failure   Level  Hunger
 Static Discharge         Conj/Air       ###.....     12%         3    ###....
 Lightning Bolt           Conj/Air       ###.......   71%         5    ######.


Dungeon Overview and Level Annotations

Branches:
Dungeon (4/15)
 Temple: D:4-7

Altars:
Elyvilon
Hepliaklqana
Wu Jian
The Shining One

Annotations:
D:4 1 runed translucent door, Pikel


Innate Abilities, Weirdness & Mutations

You have a beak for a mouth.
You have claws for feet.
You can fly continuously.


Message History

The hound closely misses you.
Casting: Shock (safe; 3% risk of failure)
Confirm with . or Enter, or press ? or * to list all spells.
You miscast Swiftness.
You are very lightly contaminated with residual magic.
Nothing appears to happen.
The hound bites you.
* * * LOW HITPOINT WARNING * * *
The hound misses you. The hound bites you.
* * * LOW HITPOINT WARNING * * *
As you read the scroll labeled HIDGHA XISOMIXE, it crumbles to dust.
It is a scroll of identify.
e - an uncursed ring of protection from fire The hound bites you.
* * * LOW HITPOINT WARNING * * *
The hound bites you.
* * * LOW HITPOINT WARNING * * *
You block the hound's attack. The hound bites you but does no damage.
The hound bites you.
You die...

.# ####### ##........... .##
######## ##......#... ..#
#######......## ###...#.K..
.## ##.............##
##..##...# .#
##...............# ##..##...##
##
#.......[........###...#...###
#
#.................##..........
#
##............h..#............
#...........@h...............
##..........<....#...........
##.............###.......... #
##...........####..........
#########......).###
#...........
....p.........####
#........... ....########..##
#.......... ##### #...#
#......... # #...# ..........


You could see 2 hounds.

Vanquished Creatures
  A slave (D:4)
  A bullfrog (D:4)
  A jelly (D:4)
  An orc priest (D:3)
  4 orc wizards
  9 adders
  An ooze (D:3)
  4 dart slugs
  3 worms
  2 leopard geckos
  6 orcs
  2 ball pythons (D:3)
  2 giant cockroaches (D:1)
  3 goblins
  3 hobgoblins
  12 jackals
  11 kobolds
  4 quokkas
  4 bats
  5 frilled lizards (D:2)
  5 rats
84 creatures vanquished.

Vanquished Creatures (others)
  A worm (D:3)
  A hobgoblin (D:3)
2 creatures vanquished.

Grand Total: 86 creatures vanquished

Notes
Turn   | Place    | Note
-------+----------+-------------------------------------------
     0 | D:1      | Leeroy the Tengu Air Elementalist began the quest for the
                  | Orb.
     0 | D:1      | Reached XP level 1. HP: 10/10 MP: 4/4
   128 | D:1      | Reached XP level 2. HP: 13/15 MP: 1/6
   423 | D:1      | Learned a level 2 spell: Swiftness
   617 | D:2      | Found a hazy altar of Hepliaklqana.
   648 | D:2      | Reached XP level 3. HP: 20/20 MP: 1/7
   737 | D:2      | Reached skill level 1 in Fighting
   785 | D:2      | Reached skill level 1 in Armour
   895 | D:2      | Found a glowing golden altar of the Shining One.
  1153 | D:2      | Reached skill level 5 in Air Magic
  1153 | D:2      | Reached XP level 4. HP: 13/25 MP: 4/8
  1472 | D:3      | Learned a level 4 spell: Airstrike
  1650 | D:3      | Gained mutation: You can fly continuously. [Tengu growth]
  1650 | D:3      | Reached XP level 5. HP: 14/29 MP: 9/9
  2353 | D:3      | Reached XP level 6. HP: 32/34 MP: 3/10
  2595 | D:4      | Reached skill level 1 in Short Blades
  2630 | D:4      | Reached skill level 5 in Conjurations
  2699 | D:4      | Noticed a slave
  2699 | D:4      | Noticed a slave
  2700 | D:4      | Noticed Pikel
  2727 | D:4      | a slave changed into a bullfrog
  2786 | D:4      | Killed a slave
  2828 | D:4      | Found an ornate altar of the Wu Jian Council.
  2830 | D:4      | Noticed a slave
  2832 | D:4      | Noticed a slave
  2924 | D:4      | Found a white marble altar of Elyvilon.
  2924 | D:4      | Found a runed translucent door.
  2924 | D:4      | Noticed an angel
  3305 | D:4      | Slain by a hound

Levels and vault maps discovered:
D:1:      mrwooster_arrival_arrow, layout_loops_cross
D:2:      layout_rooms, tso_metal_star, overflow_temple_1_default,
          minmay_misc_feat_doors, st_stairs_7
D:3:      layout_basic
D:4:      layout_cave_pods, grunt_temple_overflow_open, first_ration,
          grunt_ministairs_4, lemuel_angel_altar, uniq_pikel, uniq_eustachio

Skill      XL: |  1  2  3  4  5  6 |
---------------+-------------------+-----
Conjurations   | 2 3 4 5 |  5.0
Fighting       | 1 |  1.2
Armour         | 1 2 3 |  3.1
Air Magic      | 5 |  5.1
Short Blades   | 1 |  1.5
Spellcasting   | 3 |  3.0
Dodging        | |  2.1
Stealth        | |  2.0

Action                   |  1- 3 |  4- 6 || total
-------------------------+-------+-------++-------
Melee: Unarmed           |     5 |     8 ||    13
       Peck              |     4 |     7 ||    11
       Kick              |    12 |     5 ||    17
       Whip              |    36 |    86 ||   122
       Dagger            |    16 |       ||    16
 Cast: Shock             |    24 |    50 ||    74
       Airstrike         |       |    10 ||    10
Evoke: Wand              |       |     2 ||     2
  Use: Potion            |       |     4 ||     4
       Scroll            |       |     1 ||     1
 Stab: Sleeping          |     3 |     3 ||     6
  Eat: Chunk             |     1 |     8 ||     9
       Ration            |       |     1 ||     1
Armor: Robe              |    20 |    23 ||    43
       Skin              |       |     1 ||     1
Dodge: Dodged            |    41 |    71 ||   112
Block: Buckler           |    14 |    27 ||    41

Table legend:
 A = Non-vault XP
 B = Vault XP
 C = Vault XP percentage of total XP
 D = Non-vault monster count
 E = Vault monster count
 F = Vault count percentage of total count
                 A         B        C        D         E       F
            +---------+---------+-------+---------+---------+-------
      Total |     505 |       2 |   0.4 |      83 |       1 |   1.2
            +---------+---------+-------+---------+---------+-------
        D:1 |      28 |       0 |   0.0 |      14 |       0 |   0.0
        D:2 |      51 |       2 |   3.8 |      15 |       1 |   6.2
        D:3 |     252 |       0 |   0.0 |      38 |       0 |   0.0
        D:4 |     174 |       0 |   0.0 |      16 |       0 |   0.0
            +---------+---------+-------+---------+---------+-------
